 Dungeon Crawl Stone Soup version 0.29-a0-409-gd843f3a48c (webtiles) character file.

Game seed: 5607381427040484400

3129 runemasterragnar the Digger (level 9, -1/71 HPs)
             Began as a Red Draconian Monk on May 14, 2022.
             Was a High Priest of Ru.
             Killed from afar by an electric eel (14 damage)
             ... with a bolt of electricity
             ... on level 9 of the Dungeon on May 15, 2022.
             The game lasted 00:23:33 (11947 turns).

runemasterragnar the Digger (Red Draconian Monk)   Turns: 11947, Time: 00:23:34

Health: -1/71      AC:  2    Str: 20    XL:     9   Next: 61%
Magic:  14/16      EV: 20    Int: 15    God:    Ru [*****.]
Gold:   502        SH:  0    Dex: 18    Spells: 0/18 levels left

rFire   . . .      SeeInvis .     - Unarmed
rCold   . . .      Faith    .   (shield currently unavailable)
rNeg    . . .      Spirit   .   (body armour unavailable)
rPois   x          Reflect  .   (helmet currently unavailable)
rElec   .          Harm     .   (cloak currently unavailable)
rCorr   .          Rampage  .   (gloves currently unavailable)
Will    .....                   (boots currently unavailable)
Stlth   ++........              (no amulet)
HPRegen 0.21/turn               r - +4 ring of evasion
MPRegen 0.15/turn               a - +6 ring of strength

@: spider-form
A: venomous fangs, (breathe fire), AC +7, tiny, unfitting armour, (fire
resistance 1), no potion heal 1, (cold-blooded), inability to use devices, no
conjurations magic, no fire magic, no hexes magic, reduced EV 1, (horns 1)
a: End Transformation, Renounce Religion, Draw Out Power, Power Leap, Apocalypse


You were on level 9 of the Dungeon.
You worshipped Ru.
Ru was extremely pleased with you.
You were a venomous arachnid creature.
You visited 1 branch of the dungeon, and saw 9 of its levels.
You also visited: Sewer and Ossuary.

You collected 502 gold pieces.

Inventory:

Missiles
 h - 2 throwing nets (quivered)
Armour
 g - a +1 hat (melded)
Jewellery
 a - a +6 ring of strength (right front leg)
 c - an amulet of guardian spirit
 r - a +4 ring of evasion (left front leg)
 t - a +6 ring of dexterity
 y - a ring of protection from cold
Scrolls
 k - a scroll of magic mapping
 l - a scroll of fog {unknown}
 m - a scroll of blinking
 o - 3 scrolls of enchant weapon {unknown}
 q - a scroll of fear
 s - 2 scrolls of brand weapon
 u - a scroll of poison {unknown}
 w - a scroll of vulnerability
Potions
 b - a potion of mutation
 d - 3 potions of cancellation
 e - 2 potions of heal wounds
 f - 2 potions of flight
 i - 2 potions of resistance
 j - 2 potions of might
 n - 2 potions of degeneration
 p - 2 potions of brilliance
 v - a potion of curing
 x - a potion of attraction


   Skills:
 - Level 4.2 Fighting
 - Level 3.5 Dodging
 - Level 3.0 Stealth
 - Level 3.8 Unarmed Combat
 - Level 5.0 Spellcasting
 * Level 7.8 Transmutations
 * Level 7.8 Earth Magic


You couldn't memorise any spells.
You knew the following spells:

 Your Spells              Type           Power      Damage    Failure   Level
a - Statue Form           Tmut/Erth      18%        N/A       86%         6
b - Lee's Rapid Deconstr  Erth           13%        3d10*     38%         5
c - Petrify               Tmut/Erth      27%        N/A       17%         4
d - Spider Form           Tmut/Pois      15%        N/A       24%         3

Your spell library contained the following spells:

 Spells                   Type           Power      Damage    Failure   Level
 Passwall                 Tmut/Erth      22%        N/A       5%          2
 Wereblood                Tmut           27%        N/A       5%          2
 Animate Skeleton         Necr           6%         N/A       34%         1
 Pain                     Necr           12%        1d4       34%         1
 Ice Form                 Ice/Tmut       15%        N/A       54%         4
 Vampiric Draining        Necr           3%         2d6       65%         3
 Leda's Liquefaction      Hex/Erth       Unusable   N/A       N/A         4

Dungeon Overview and Level Annotations

Branches:
Dungeon (9/15)             Temple (0/1) D:5           Sewer (visited)
Ossuary (visited)
   Lair: D:8-11         Orc: D:9-12

Altars:
Ashenzari
Cheibriados
Dithmenos
Okawaru
Ru
Yredelemnul

Shops:
D:4 (   D:6 =   D:8 [

Annotations:
D:7 1 runed translucent door, Crazy Yiuf


Innate Abilities, Weirdness & Mutations

You are a venomous arachnid creature.
You have poisonous fangs.
You are tiny and dextrous.
Your spellcasting is less reliable in this form.
Your armour is entirely melded.
You are incapable of wielding weapons or throwing items.
((You can breathe blasts of fire.))
((Your fiery red scales are hard. (AC +7)))
You cannot fit into any form of body armour.
((Your flesh is heat resistant. (rF+)))
Potions are less effective at restoring your health.
((You are cold-blooded and may be slowed by cold attacks.))
You cannot study or use magical devices.
You cannot study or cast Conjurations magic.
You cannot study or cast Fire magic.
You cannot study or cast Hexes magic.
You have somewhat slow reflexes. (EV -5)
((You have a pair of small horns on your head.))


Message History

There is an open door here.
An electric eel comes into view.
The electric eel moves out of view.
Casting: Spider Form (dangerous; 10% risk of failure)
Confirm with . or Enter, or press ? or * to list all spells.
Okay, then.
Casting: Spider Form (dangerous; 10% risk of failure)
Confirm with . or Enter, or press ? or * to list all spells.
You turn into a venomous arachnid creature.
Your +1 hat melds into your body.
Found a stone staircase leading down.
The electric eel shoots out a bolt of lightning at you!
The bolt of electricity misses you.
The electric eel shoots out a bolt of lightning at you!
The bolt of electricity misses you. The bolt of electricity hits you!
The bolt of electricity hits the electric eel.
The electric eel completely resists.
Why would you want to do that?
You barely miss the electric eel.
The electric eel shoots out a bolt of lightning at you!
The bolt of electricity hits you! x2
The bolt of electricity hits the electric eel.
The electric eel completely resists.
You bite the electric eel!
The electric eel is poisoned.
The electric eel is severely wounded.
You closely miss the electric eel.
The electric eel is severely wounded.
The electric eel shoots out a bolt of lightning at you!
The bolt of electricity misses you. The bolt of electricity hits you!
The bolt of electricity hits the electric eel.
The electric eel completely resists.
You barely miss the electric eel.
The electric eel is severely wounded.
You closely miss the electric eel.
The electric eel is severely wounded.
The electric eel shoots out a bolt of lightning at you!
The bolt of electricity hits you!
* * * LOW HITPOINT WARNING * * *
The bolt of electricity hits you!
You die...

#≈≈.# ....
#≈≈.#......#
#≈≈.#......#
#≈≈.#......#
#≈≈........#
#≈≈........#
#####≈≈.#......#
≈≈≈≈≈≈Ss#......#
≈≈≈≈≈≈≈........#
...............#
+.......#......#
#..>....#......#
#.......#......#
#.......#......#
#.......#......#
.......#......#


You could see an electric eel (very poisoned).

Vanquished Creatures
  Duvessa (D:6)
  A water moccasin (D:6)
  4 ice beasts
  A black bear (D:7)
  2 orc warriors
  2 sky beasts
  A centaur (D:9)
  2 phantoms
  4 bullfrogs
  3 kobold brigands (Sewer)
  A necrophage (D:6)
  A gnoll sergeant (D:8)
  4 scorpions
  Dowan (D:6)
  5 howler monkeys
  3 jellies
  2 orc priests
  3 iguanas
  6 orc wizards (D:8)
  A mummy (Ossuary)
  7 gnolls
  6 adders
  7 river rats (Sewer)
  2 shadow imps (D:7)
  2 white imps
  2 worms
  2 dart slugs (D:1)
  29 orcs
  2 spectral bats (Ossuary)
  10 ball pythons
  8 endoplasms
  9 giant cockroaches
  7 goblins
  11 hobgoblins
  3 jackals (D:3)
  22 kobolds
  4 quokkas
  6 bats
  6 bat simulacra (Ossuary)
  6 frilled lizards
  12 gnoll zombies (Ossuary)
  2 goblin simulacra (Ossuary)
  2 goblin zombies (Ossuary)
  7 hobgoblin zombies (Ossuary)
  2 kobold simulacra (Ossuary)
  7 kobold zombies (Ossuary)
  2 orc zombies (Ossuary)
  31 rats
  2 rat simulacra (Ossuary)
  A spectral goblin (Ossuary)
  4 spectral kobolds (Ossuary)
  2 spectral rats (Ossuary)
273 creatures vanquished.

Vanquished Creatures (others)
  An ice beast (D:5)
  An adder (D:4)
  A worm (D:5)
  2 orcs
  A ball python (Sewer)
  A demonic plant (D:1)
  30 fungi (D:7)
  3 withered plants (D:1)
40 creatures vanquished.

Grand Total: 313 creatures vanquished

Notes
Turn   | Place    | Note
-------+----------+-------------------------------------------
     0 | D:1      | runemasterragnar the Draconian Monk began the quest for the
                  | Orb.
     0 | D:1      | Reached XP level 1. HP: 19/19 MP: 1/1
   427 | D:1      | Reached XP level 2. HP: 21/26 MP: 2/2
   898 | D:1      | Found a faded altar of an unknown god.
   924 | D:1      | Prayed at the altar of an unknown god.
   924 | D:1      | Became a worshipper of Ru the Awakened
   927 | D:1      | Gained mutation: You cannot study or use magical devices.
                  | [Ru sacrifice]
   927 | D:1      | Reached * piety under Ru
   927 | D:1      | Reached ** piety under Ru
  1161 | D:1      | Reached XP level 3. HP: 31/33 MP: 3/3
  1948 | D:2      | Reached XP level 4. HP: 19/40 MP: 4/4
  2569 | D:3      | Gained mutation: You have a pair of small horns on your
                  | head. [potion of mutation]
  3011 | D:3      | Reached XP level 5. HP: 44/46 MP: 5/5
  3144 | D:3      | Found a sacrificial altar of Ru.
  3394 | D:3      | Gained mutation: You cannot study or cast Fire magic. [Ru
                  | sacrifice]
  3394 | D:3      | Gained mutation: You cannot study or cast Hexes magic. [Ru
                  | sacrifice]
  3394 | D:3      | Gained mutation: You cannot study or cast Conjurations
                  | magic. [Ru sacrifice]
  3394 | D:3      | Reached *** piety under Ru
  3486 | D:4      | Found a glowing drain.
  3547 | Sewer    | Entered a sewer
  3615 | Sewer    | Reached skill level 1 in Spellcasting
  4023 | Sewer    | Reached XP level 6. HP: 42/52 MP: 8/10
  4031 | Sewer    | Learned a level 6 spell: Statue Form
  4332 | Sewer    | Reached skill level 1 in Transmutations
  4332 | Sewer    | Reached skill level 1 in Earth Magic
  5319 | D:4      | Your scales start taking on a fiery red colour.
  5319 | D:4      | Reached XP level 7. HP: 51/59 MP: 11/11
  5319 | D:4      | Gained mutation: Your flesh is heat resistant. (rF+) [Red
                  | Draconian growth]
  5579 | D:4      | Found an iron altar of Okawaru.
  5614 | D:4      | Found Yload's Weapon Boutique.
  5836 | D:5      | Entered Level 5 of the Dungeon
  5864 | D:5      | Found a staircase to the Ecumenical Temple.
  5881 | D:5      | Gained mutation: Potions are less effective at restoring
                  | your health. [Ru sacrifice]
  5881 | D:5      | Reached **** piety under Ru
  6258 | D:5      | Found a sand-covered staircase.
  6276 | D:5      | Found a basalt altar of Yredelemnul.
  6277 | D:5      | Found a snail-covered altar of Cheibriados.
  6277 | D:5      | Found a shadowy altar of Dithmenos.
  6314 | Ossuary  | Entered an ossuary
  7859 | D:5      | Reached XP level 8. HP: 64/66 MP: 12/14
  8213 | D:6      | Learned a level 5 spell: Lee's Rapid Deconstruction
  8448 | D:6      | Noticed a two-headed ogre
  8481 | D:5      | Reached skill level 5 in Transmutations
  8481 | D:5      | Reached skill level 5 in Earth Magic
  8837 | D:7      | HP: 1/66 [shadow imp/nerve-wracking pain (13)]
  8881 | D:7      | Noticed a troll
  9164 | D:6      | Gained mutation: You have somewhat slow reflexes. (EV -5)
                  | [Ru sacrifice]
  9164 | D:6      | Reached ***** piety under Ru
  9250 | D:6      | Reached skill level 5 in Spellcasting
  9250 | D:6      | Reached XP level 9. HP: 34/71 MP: 16/16
  9463 | D:6      | Noticed Duvessa
  9463 | D:6      | Noticed Dowan
  9478 | D:6      | Killed Duvessa
  9486 | D:6      | Killed Dowan
  9808 | D:7      | Found a broken altar of Ashenzari.
  9840 | D:6      | Found Reorek's Jewellery Emporium.
  9940 | D:8      | Found Sausoher's Armour Emporium.
 10514 | D:7      | Found a runed translucent door.
 10515 | D:7      | Noticed Crazy Yiuf
 10657 | D:7      | Identified a scroll of acquirement
 10657 | D:7      | Acquired runemasterragnar's Incunabulum of Changing
 10664 | D:7      | Learned a level 4 spell: Petrify
 11077 | D:8      | Learned a level 3 spell: Spider Form
 11947 | D:9      | Killed from afar by an electric eel

Illustrated notes

Levels and vault maps discovered:
D:1:      dpeg_arrival_three_bigger_balls, layout_loops_ring,
          shapermc_ecumenical_altar_gd, minmay_misc_feat_ornament
D:2:      layout_basic
D:3:      layout_loops_cross, nicolae_ru_awakened_eye
D:4:      layout_cave_pools, okawaru_altar_gauntlet_db, serial_shops,
          nicolae_stop_n_shop_1, cheibrodos_sewer_entry_sluice
D:5:      layout_gridville, chequers_temple_overflow_statue_of_worship,
          temple_green, enter_ossuary_1, sigmund_army
D:6:      layout_basic, serial_shops, shop, uniq_duvessa
D:7:      layout_basic, mainiacjoe_overflow_cross_hatched, old_standard_altar,
          dreamdust_mushroom_princess, hangedman_decor_points,
          uniq_crazy_yiuf_cottage
D:8:      layout_gridville, serial_shops, shop
D:9:      layout_stronghold, erik_orc_2, uniq_joseph

Skill      XL: |  1  2  3  4  5  6  7  8  9 |
---------------+----------------------------+-----
Stealth        | 2 3 |  3.0
Dodging        | 3 |  3.5
Fighting       | 4 |  4.2
Spellcasting   | 2 3 4 5 |  5.0
Transmutations | 2 4 6 7 |  7.8
Earth Magic    | 2 4 6 7 |  7.8
Unarmed Combat | |  3.8

Action                   |  1- 3 |  4- 6 |  7- 9 || total
-------------------------+-------+-------+-------++-------
Melee: Unarmed           |   166 |   334 |   572 ||  1072
       Tailslap          |    16 |    34 |    79 ||   129
       Punch             |     4 |     6 |    16 ||    26
       Headbutt          |       |    61 |   118 ||   179
 Cast: Spider Form       |       |       |     5 ||     5
       Petrify           |       |       |     5 ||     5
Invok: Sacrifice Artific |     1 |       |       ||     1
       Draw Out Power    |       |     1 |     1 ||     2
       Sacrifice Arcana  |       |     1 |       ||     1
       Sacrifice Purity  |       |       |     1 ||     1
       Sacrifice Health  |       |       |     1 ||     1
       Power Leap        |       |       |     1 ||     1
 Abil: Breathe Fire      |       |       |    22 ||    22
  Use: Potion            |       |     3 |     9 ||    12
       Scroll            |       |     3 |    11 ||    14
 Stab: Sleeping          |     5 |     3 |    10 ||    18
       Distracted        |     2 |       |     3 ||     5
       Invisible         |     1 |       |     2 ||     3
       Paralysed         |       |       |     1 ||     1
Armor: Skin              |    40 |   103 |   125 ||   268
Dodge: Dodged            |    95 |   273 |   397 ||   765

Table legend: (Time is in decaauts)
 A = Elapsed time spent in this place.
 B = Non-inter-level travel time spent in this place.
 C = Inter-level travel time spent in this place.
 D = Time resting spent in this place.
 E = Time spent auto-exploring this place.
 F = Levels seen in this place.
 G = Mean time per level.
                   A        B        C        D        E       F      G
               +--------+--------+--------+--------+--------+-----+--------+
         Total |  11907 |  11665 |    242 |   1756 |   7262 |  11 | 1082.5 |
       Dungeon |   9878 |   9636 |    242 |   1124 |   6492 |   9 | 1097.6 |
         Sewer |   1583 |   1583 |      0 |    632 |    592 |   1 | 1583.0 |
       Ossuary |    445 |    445 |      0 |      0 |    177 |   1 |  445.0 |
               +--------+--------+--------+--------+--------+-----+--------+

Top non-repeatable levels by time:
     D:5: 2016 daAuts
     D:6: 1736 daAuts
   Sewer: 1583 daAuts
     D:1: 1578 daAuts
     D:8: 1139 daAuts
     D:3: 953 daAuts
     D:2: 943 daAuts
     D:4: 762 daAuts
     D:7: 448 daAuts
 Ossuary: 445 daAuts
     D:9: 298 daAuts
